 Dungeon Crawl Stone Soup version 0.23.2-1-ga50397a (webtiles) character file.

Game seed: 5986517569199028487

66 redwoodhats the Grave Robber (level 3, -2/28 HPs)
             Began as a Deep Dwarf Necromancer on May 14, 2019.
             Slain by a worm (8 damage)
             ... on level 2 of the Dungeon.
             The game lasted 00:10:48 (1559 turns).

redwoodhats the Grave Robber (DDNe)                 Turns: 1559, Time: 00:10:49

Health: -2/28      AC:  2    Str: 11    XL:     3   Next: 96%
Magic:  3/6        EV: 12    Int: 16    God:
Gold:   97         SH:  0    Dex: 13    Spells: 4/6 levels left

rFire    . . .     SeeInvis .   b - +3 dagger
rCold    . . .     Gourm    .   (no shield)
rNeg     . . .     Faith    .   a - +0 robe
rPois    .         Spirit   .   (no helmet)
rElec    .         Reflect  .   (no cloak)
rCorr    .         Harm     .   (no gloves)
MR       .....                  (no boots)
Stlth    ++........             (no amulet)
HPRegen  0.00/turn              h - ring of flight (curse)
MPRegen  0.10/turn              (no ring)

@: non-regenerating
A: damage resistance, heal wounds, sense surroundings 1, no regeneration
a: Heal Wounds, Evoke Flight


You were on level 2 of the Dungeon.
You were not hungry.

You visited 1 branch of the dungeon, and saw 2 of its levels.

You collected 97 gold pieces.

Inventory:

Hand Weapons
 b - a +3 dagger (weapon)
Armour
 a - a +0 robe (worn)
Jewellery
 h - a cursed ring of flight (left hand)
Scrolls
 d - a scroll of remove curse
 f - 3 scrolls of immolation {unknown}
 i - a scroll of random uselessness {unknown}
 k - 2 scrolls of identify {unknown}
 l - a scroll of teleportation {unknown}
Potions
 e - 2 potions of curing
 g - a potion of degeneration {unknown}
Comestibles
 c - 6 rations
 j - 2 chunks of flesh


   Skills:
 + Level 0.3 Fighting
 + Level 0.3 Short Blades
 + Level 2.3 Dodging
 + Level 2.7 Stealth
 + Level 2.2 Spellcasting
 + Level 5.4 Necromancy


You had 4 spell levels left.
You knew the following spells:

 Your Spells              Type           Power        Failure   Level  Hunger
a - Pain                  Necr           ###.         2%          1    #......
b - Animate Skeleton      Necr           N/A          2%          1    #......

Your spell library contained the following spells:

 Spells                   Type           Power        Failure   Level  Hunger
 Vampiric Draining        Necr           ###.......   6%          3    ###....
 Animate Dead             Necr           N/A          22%         4    #####..
 Regeneration             Chrm/Necr      Unusable     N/A         3    N/A

Dungeon Overview and Level Annotations

Branches:
Dungeon (2/15)

Altars:
Kikubaaqudgha
Xom


Innate Abilities, Weirdness & Mutations

You are resistant to damage.
You can heal yourself by infusing magical energy.
You passively map a small area around you.
You do not regenerate.


Message History

Aim: a worm (moderately wounded, chance to defeat MR: 84%)
The worm writhes in agony.
You hit the worm.
The worm is severely wounded.
The worm bites you!
You hit the worm.
The worm is almost dead.
The worm bites you but does no damage.
You barely miss the worm.
The worm is severely wounded.
You hit the worm.
The worm is almost dead.
The worm bites you!
* * * LOW HITPOINT WARNING * * *
You hit the worm.
The worm is almost dead.
You barely miss the worm.
The worm is almost dead.
The worm bites you!
You die...

#######..........#
...####.##.# , * *
#.##.# , #.##.# *
, #.##.# , ..##.#
* ####.# *, * #.#
, #@# * ,* #w#
#.##.####.#
#.....w...#
.....###### ###


You could see a worm.

Vanquished Creatures
  An adder (D:2)
  An ooze (D:2)
  A worm (D:2)
  A leopard gecko (D:1)
  4 orcs (D:2)
  A ball python (D:2)
  3 giant cockroaches
  6 goblins
  3 hobgoblins
  6 bats
  A frilled lizard (D:2)
  3 kobolds (D:2)
  3 rats (D:2)
34 creatures vanquished.

Vanquished Creatures (collateral kills)
  A dart slug (D:2)
  4 goblins
  A hobgoblin (D:2)
  2 bats (D:1)
  2 frilled lizards
  A kobold (D:1)
  2 rats
13 creatures vanquished.

Grand Total: 47 creatures vanquished

Notes
Turn   | Place    | Note
-------+----------+-------------------------------------------
     0 | D:1      | redwoodhats the Deep Dwarf Necromancer began the quest for
                  | the Orb.
     0 | D:1      | Reached XP level 1. HP: 15/15 MP: 3/3
   129 | D:1      | Learned a level 1 spell: Animate Skeleton
   178 | D:1      | Reached XP level 2. HP: 22/22 MP: 4/4
   248 | D:1      | Found a shimmering altar of Xom.
   663 | D:1      | Reached skill level 5 in Necromancy
  1074 | D:2      | Reached XP level 3. HP: 17/28 MP: 2/6
  1458 | D:2      | Found an ancient bone altar of Kikubaaqudgha.
  1559 | D:2      | Slain by a worm

Skill      XL: |  1  2 |
---------------+-------+-----
Necromancy     | 5 |  5.4
Spellcasting   | 2 |  2.2
Fighting       | |  0.3
Short Blades   | |  0.3
Dodging        | |  2.3
Stealth        | |  2.7

Action                   || total
-------------------------++-------
Melee: Unarmed           ||     5
       Dagger            ||    41
 Cast: Pain              ||    45
       Animate Skeleton  ||    16
 Abil: Heal Wounds       ||     1
  Use: Scroll            ||     3
       Potion            ||     2
  Eat: Chunk             ||     3
Armor: Robe              ||    29
Dodge: Dodged            ||    96
